 Dungeon Crawl Stone Soup version 0.19.1-1-g22dce08 (webtiles) character file.

275 Queen the Cudgeler (level 6, 0/55 HPs)
             Began as a Gargoyle Fighter on Jan 15, 2017.
             Killed by divine providence
             ... invoked by an orc priest
              (12 damage)
             ... on level 4 of the Dungeon.
             The game lasted 00:15:18 (2826 turns).

Queen the Cudgeler (Gargoyle Fighter)               Turns: 2826, Time: 00:15:19

Health: 0/55       AC: 14    Str: 24    XL:     6   Next: 25%
Magic:  6/6        EV:  7    Int:  9    God:
Gold:   141        SH: 10    Dex: 15    Spells: 0 memorised, 5 levels left

rFire  + . .     SeeInvis .     a - +0 flail
rCold  x . .     Gourm    .     C - +1 scale mail of Duty {*Contam Regen+ Dex+4} (curse)
rNeg   + . .     Faith    .     c - +0 shield
rPois  ∞         Spirit   .     (no helmet)
rElec  +         Reflect  .     e - +0 cloak
rCorr  .         Harm     .     (no gloves)
MR     .....                    y - +0 pair of boots
Stlth  ..........               u - amulet of rage
                                (no ring)
                                A - ring of fire

@: berserking, very quick
A: negative energy resistance 1, electricity resistance, unbreathing,
petrification resistance, rot immunity, AC +4
a: Evoke Berserk Rage


You were on level 4 of the Dungeon.
You were hungry.

You visited 1 branch of the dungeon, and saw 4 of its levels.

You collected 141 gold pieces.

Inventory:

Hand Weapons
 a - a +0 flail (weapon)
Armour
 c - a +0 shield (worn)
 e - a +0 cloak (worn)
 m - a +2 scale mail of fire resistance
 y - a +0 pair of boots (worn)
 C - the cursed +1 scale mail of Duty (worn) {*Contam Regen+ Dex+4}
   (You found it on level 4 of the Dungeon)

   It affects your dexterity (+4).
   It causes magical contamination when unequipped.
   It increases your rate of regeneration.
   It has a curse placed upon it.
Jewellery
 u - an amulet of rage (around neck)
 A - a ring of fire (left hand)
Scrolls
 h - 2 scrolls of teleportation {unknown}
 i - 4 scrolls of identify {unknown}
 k - a scroll of random uselessness {unknown}
 p - a scroll of enchant armour {unknown}
 r - a scroll of fear {unknown}
 t - 2 scrolls of amnesia {unknown}
 v - a scroll of noise {unknown}
 z - 2 scrolls of recharging {unknown}
Potions
 b - a potion of magic {unknown}
 d - a potion of might
 j - a potion of agility {unknown}
 n - 2 potions of curing {unknown}
 q - a potion of invisibility {unknown}
 s - 2 potions of resistance {unknown}
 w - a potion of flight {unknown}
 x - a potion of lignification {unknown}
Comestibles
 f - 5 bread rations
 g - 2 meat rations
 l - 6 fruits
 o - 4 chunks of flesh
 B - a beef jerky


   Skills:
 - Level 3.2 Fighting
 + Level 6.4 Maces & Flails
 - Level 3.2 Armour
 - Level 3.2 Shields


You had 5 spell levels left.
You didn't know any spells.

Dungeon Overview and Level Annotations

Branches:
Dungeon (4/15)
 Temple: D:4-7

Altars:
Uskayaw


Innate Abilities, Weirdness & Mutations

You are resistant to torment.
Your stone body is resilient. (AC +4)
You are immune to poison.
You resist negative energy. (rN+)
You are resistant to electric shocks. (rElec)
You can survive without breathing.
You are immune to petrification.
You are immune to rotting.


Message History

Something tries to affect you, but you resist.
You miss something. Something hits you but does no damage.
The orc priest calls down the wrath of Beogh upon you.
Beogh smites you!
You thump something!
You hear some strange, mumbled words.
Something tries to affect you, but you resist.
You thump something!
Reactivating autopickup.
You feel a bit more experienced.
The orc priest invokes the aid of Beogh against you.
Beogh smites you!
* * * LOW HITPOINT WARNING * * *
Things that are here:
a dagger of draining; a robe; an orc corpse You closely miss the orc priest.
The orc priest is almost dead.
The orc priest invokes the aid of Beogh against you.
Beogh smites you!
You die...

#####......#.###......##
####...........## ###...##
#.......<......# #####
#............## #
#............#
...#......o.....## #####
..............#oo# ##...#
....#........###o####....##
.## ##.......# #@##.......#
##.....## ##.........##
##...## ##..........# #####
##..........##
##.......(..##
##.........###
##.........## ##........###
#.......#.##


You could see 2 orc priests and an orc.

Vanquished Creatures
  The ghost of Camlann the Shield-Bearer, an amateur DsFi of Gozag (D:3)
  An orc wizard (D:4)
  A hound skeleton (D:3)
  4 gnolls (D:3)
  4 adders (D:2)
  2 oozes
  3 worms
  2 dart slugs
  3 leopard geckos
  An orc (D:3)
  6 bats
  2 giant cockroaches (D:3)
  10 goblins
  2 hobgoblins
  2 jackals (D:4)
  9 kobolds
  3 quokkas
  5 frilled lizards
  8 rats
69 creatures vanquished.

Notes
Turn   | Place    | Note
-------+----------+-------------------------------------------
     0 | D:1      | Queen the Gargoyle Fighter began the quest for the Orb.
     0 | D:1      | Reached XP level 1. HP: 14/14 MP: 1/1
   252 | D:1      | Reached XP level 2. HP: 19/19 MP: 2/2
   339 | D:1      | Reached skill level 3 in Maces & Flails
   656 | D:1      | Reached XP level 3. HP: 23/23 MP: 3/3
  1124 | D:2      | Found a hide-covered altar of Uskayaw.
  1134 | D:2      | Reached skill level 4 in Maces & Flails
  1280 | D:2      | Reached XP level 4. HP: 26/28 MP: 4/4
  1840 | D:3      | Noticed Camlann's ghost (amateur DsFi)
  1853 | D:3      | Killed Camlann's ghost
  1853 | D:3      | Reached skill level 5 in Maces & Flails
  1853 | D:3      | Reached XP level 5. HP: 32/32 MP: 5/5
  2026 | D:3      | Reached skill level 6 in Maces & Flails
  2339 | D:3      | Reached XP level 6. HP: 37/37 MP: 6/6
  2687 | D:4      | Got a brightly glowing scale mail
  2698 | D:4      | Identified the cursed +1 scale mail of Duty {*Contam Regen+ Dex+4} (You found it on level 4 of the Dungeon)
  2826 | D:4      | Killed from afar by an orc priest

Skill      XL: |  1  2  3  4  5 |
---------------+----------------+-----
Maces & Flails | 3 4 5 6 |  6.4
Fighting       | |  3.2
Armour         | |  3.2
Shields        | |  3.2

Action                   |  1- 3 |  4- 6 || total
-------------------------+-------+-------++-------
Melee: Flail             |   117 |   175 ||   292
 Abil: Evoke Berserk Rag |       |     2 ||     2
  Eat: Chunk             |     1 |     7 ||     8
Armor: Scale mail        |    37 |    82 ||   119
       Ring mail         |    26 |     1 ||    27
Dodge: Dodged            |    26 |    61 ||    87
Block: Shield            |    54 |    84 ||   138
